AoeStats
← BananaPortControl

Fortress

510505890Analyzed
1v1 RM · 22h ago on Oct 1, 2026· 44m 55s· 2 players
Game mode
Random Map
Map size
Small (3 player)
Population
200
Speed
Normal
Resources
Standard
Victory
Conquest
Starting age
Dark Age
Ending age
Imperial Age
RankedLock teamsTeams togetherTeam positionsShared explorationLock speedFull tech treeHidden civsTurbo modeCheats
Victory
Defeat
🇹🇷 Goths · Türkiye
831
+29
🇦🇺 Poles · Australia
831
-42
BananaPortControl
7:08 Feudal Age
7:55 Horse Collar
9:32 Double-Bit Axe
13:26 Castle Age
15:01 Heavy Plow
16:42 Gold Mining
16:43 Stone Mining
21:50 Loom
25:30 Anarchy
30:00 Imperial Age
28:42 Squires
30:03 Bow Saw
30:38 Elite Huskarl
31:18 Stone Mining
32:34 Two-Man Saw
32:20 Crop Rotation
33:15 Wheelbarrow
32:25 Town Watch
35:08 Forging
34:58 Scale Mail Armor
35:04 Scale Barding Armor
34:49 Fletching
35:00 Padded Archer Armor
34:46 Pikeman
36:35 Halberdier
37:53 Iron Casting
37:33 Chain Mail Armor
37:44 Perfusion
38:29 Chain Mail Armor
38:34 Chain Barding Armor
38:10 Bodkin Arrow
39:28 Chemistry
38:49 Ballistics
40:53 Blast Furnace
40:08 Leather Archer Armor
45:20 Conscription
Mangonutz68
2:06 Loom
8:13 Feudal Age
15:19 Double-Bit Axe
22:40 Castle Age
22:53 Wheelbarrow
23:07 Light Cavalry
23:52 Husbandry
23:20 Pikeman
33:11 Scale Barding Armor
33:19 Forging
35:45 Imperial Age
35:39 Fortified Wall
37:32 Man-at-Arms
Connection lost

Rejoining the realm…

Still unreachable

The connection could not be restored.

Session expired

The server has moved on; the page needs a fresh start.